 Dungeon Crawl Stone Soup version 0.21.1-1-g345015f (webtiles) character file.

27751 Kagorn the Cleaver (level 13, -1/98 HPs)
             Began as a Demonspawn Berserker on June 10, 2018.
             Was a High Priest of Trog.
             Slain by an eight-headed hydra (7 damage)
             ... on level 2 of the Swamp.
             The game lasted 01:56:42 (11440 turns).

Kagorn the Cleaver (Demonspawn Berserker)          Turns: 11440, Time: 01:56:43

Health: -1/98      AC: 27    Str: 26    XL:     13   Next: 6%
Magic:  0/15       EV:  8    Int:  9    God:    Trog [*****.]
Gold:   650        SH: 17    Dex: 18    Spells: 12/12 levels left

rFire    x . .     SeeInvis .   F - +5 war axe (freeze)
rCold    . . .     Gourm    .   Z - +1 large shield
rNeg     . . .     Faith    .   w - +7 chain mail of Wrong Decisions {+Fly rElec rPois rF-}
rPois    +         Spirit   +   R - +2 hat {MR+}
rElec    +         Reflect  .   (no cloak)
rCorr    .         Harm     .   e - +1 pair of gloves
MR       +++..                  (boots unavailable)
Stlth    ..........             (no amulet)
HPRegen  1.26/turn              A - +6 ring of strength
MPRegen  0.14/turn              s - +3 ring of strength

@: sanguine armour, regenerating
A: hooves 3, powered by pain 1, magic shield, sanguine armour 1
a: Berserk, Trog's Hand, Brothers in Arms, Burn Spellbooks, Renounce Religion,
Evoke Flight


You were on level 2 of the Swamp.
You worshipped Trog.
Trog was extremely pleased with you.
You were not hungry.

You visited 3 branches of the dungeon, and saw 13 of its levels.
You also visited: Ossuary and Volcano.

You collected 942 gold pieces.
You spent 292 gold pieces at shops.

Inventory:

Hand Weapons
 f - the +3 sling "Punk" {acid, rCorr}
   (You found it on level 1 of the Lair of Beasts)

   It protects you from acid and corrosion.
 k - a +8 battleaxe of chopping
 F - a +5 war axe of freezing (weapon)
 G - a +6 triple sword of electrocution
 V - a +4 double sword of protection
 X - a +4 shortbow
Missiles
 J - 4 tomahawks of returning (quivered)
Armour
 d - the +4 ring mail of Hiukhlerch {rN+ MR+ Str+4}
   (You found it on level 4 of the Dungeon)

   It affects your strength (+4).
   It protects you from negative energy.
   It affects your resistance to hostile enchantments.
 e - a +1 pair of gloves (worn)
 w - the +7 chain mail of Wrong Decisions (worn) {+Fly rElec rPois rF-}
   (You found it on level 6 of the Dungeon)

   It makes you vulnerable to fire.
   It insulates you from electricity.
   It protects you from poison.
   It lets you fly.
 R - a +2 hat of magic resistance (worn)
 S - +0 swamp dragon scales
 U - a +0 pair of gloves
 Z - a +1 large shield (worn)
Magical Staves
 n - an uncursed staff of poison
Jewellery
 a - an uncursed ring of ice
 b - an uncursed ring of magical power
 m - an uncursed ring of poison resistance {unknown}
 s - a +3 ring of strength (right hand)
 v - an uncursed ring of stealth
 y - an uncursed ring of protection from cold
 A - a +6 ring of strength (left hand)
 B - an uncursed ring of fire
 L - an uncursed ring of stealth
 P - a +2 ring of dexterity
 T - a +3 ring of strength
Wands
 l - a wand of polymorph (6)
 z - a wand of iceblast (13)
 H - a wand of enslavement (11)
 K - a wand of disintegration (37)
 M - a wand of flame (18)
 N - a wand of random effects (62)
Scrolls
 h - a scroll of immolation
 j - 2 scrolls of blinking
 q - 3 scrolls of remove curse
 r - 3 scrolls of summoning
 t - 6 scrolls of teleportation
 D - a scroll of noise {unknown}
 E - 2 scrolls of identify
 I - a scroll of magic mapping
 O - 2 scrolls of fog
 Y - a scroll of enchant armour
Potions
 g - 3 potions of brilliance
 i - 5 potions of curing
 o - 2 potions of flight
 p - a potion of cancellation
 u - a potion of might
 x - 2 potions of agility
 C - 2 potions of haste
 W - 2 potions of berserk rage
Miscellaneous
 Q - a fan of gales
Comestibles
 c - a ration


   Skills:
 + Level 8.1 Fighting
 - Level 5.6 Long Blades
 + Level 12.4(13.3) Axes
   Level 8.3(11.4) Polearms
 + Level 7.0 Armour
 + Level 5.7 Dodging
 + Level 4.0 Stealth
 * Level 4.6 Shields
 - Level 3.0 Evocations


You had 12 spell levels left.
You didn't know any spells.

Dungeon Overview and Level Annotations

Branches:
Dungeon (9/15)             Temple (0/1) D:4            Lair (2/6) D:9
  Swamp (2/4) Lair:2
  Snake: Lair:2-4    Spider: Lair:2-4       Orc: D:9-12

Altars:
Dithmenos
Elyvilon
Fedhas
Gozag
Hepliaklqana
Kikubaaqudgha
Okawaru
Qazlal
Ru
Vehumet

Shops:
D:4 *   D:6 ?   D:9 }


Innate Abilities, Weirdness & Mutations

You have hooves in place of feet.
You sometimes gain a little power by taking damage.
When hurt, damage is shared between your health and your magic reserves.
When seriously injured, your bleeding wounds create armour. (AC +6)


Message History

* * * LOW HITPOINT WARNING * * *
The eight-headed hydra barely misses you.
The eight-headed hydra bites you but does no damage. x3
The eight-headed hydra barely misses you. x2
The eight-headed hydra bites you but does no damage. x2
The eight-headed hydra bites you!
* * * LOW HITPOINT WARNING * * *
You block the eight-headed hydra's attack.
The eight-headed hydra bites you but does no damage. x2
There is a stone staircase leading up here.
You don't know any spells.
The eight-headed hydra bites you!
* * * LOW HITPOINT WARNING * * *
The eight-headed hydra bites you but does no damage.
You block the eight-headed hydra's attack. x2
The eight-headed hydra bites you.
* * * LOW HITPOINT WARNING * * *
The eight-headed hydra bites you but does no damage.
The eight-headed hydra bites you!
You die...

♣.≈≈.♣.≈≈≈≈≈≈≈≈≈>♣≈...≈
♣≈≈≈≈..≈≈≈≈≈≈≈§.♣♣≈.≈≈≈
♣≈≈≈≈...≈≈≈≈...≈♣♣≈≈≈≈≈
♣.≈.≈≈..≈≈.♣....♣≈≈≈≈≈
≈≈≈.♣♣>≈≈≈.≈.≈≈♣♣♣.≈≈.
.. ♣♣n≈≈≈.≈.≈.♣♣....≈
♣≈.≈≈≈≈.♣..♣♣..♣≈≈
♣D≈≈≈≈≈...≈.......
♣@≈≈≈≈≈≈≈≈≈(.....♣
♣♣....§≈≈≈≈.≈≈≈...
♣♣♣≈...≈...♣♣♣≈≈..♣.
♣..≈.♣...≈...♣.≈♣♣♣♣
♣≈..≈≈.≈≈.....♣≈.≈♣♣♣♣
♣♣♣.≈≈......♣♣♣♣♣..♣§.
♣♣♣.≈≈...♣♣ ..♣.♣.
♣≈≈≈≈≈≈. ♣.♣♣.♣
♣♣≈.≈≈≈.≈ ♣♣♣♣≈♣


You could see an eight-headed hydra and a bog body.

Vanquished Creatures
  Gastronok (D:8)
  A stone giant (Volcano)
  3 alligators (Swamp:2)
  2 two-headed ogres
  The ghost of salinator123 the Cleaver, a novice GrBe of Trog (D:8)
  An unseen horror (D:9)
  2 swamp dragons
  2 shambling mangroves (Swamp:1)
  A wizard (D:9)
  The ghost of HedoNNN the Covered, a novice HOFi (D:6)
  A black mamba (Lair:2)
  2 gargoyles (Volcano)
  4 spiny frogs
  An efreet (Volcano)
  3 komodo dragons (Lair:1)
  A tengu conjurer (D:9)
  9 hornets (Swamp:1)
  2 tyrant leeches
  3 bog bodies (Swamp:1)
  A hippogriff (Lair:1)
  2 wyverns
  13 yaks
  2 fire elementals (Volcano)
  A steam dragon (D:9)
  2 basilisks
  A hungry ghost (D:8)
  3 vampire mosquitoes
  An acid dragon (D:9)
  5 insubstantial wisps (Swamp:2)
  3 swamp worms (Swamp:1)
  4 water moccasins
  A porcupine (Lair:2)
  5 swamp drakes
  5 orc warriors
  4 sky beasts
  An ice beast (D:5)
  3 phantoms
  A black bear (D:7)
  A centaur (D:7)
  6 ogres
  4 necrophages (D:9)
  The ghost of Babolexy the Shield-Bearer, an amateur OpFi (D:3)
  4 crocodiles
  4 big kobolds
  11 bullfrogs
  A wyvern skeleton (D:6)
  5 scorpions
  6 killer bees (D:6)
  2 electric eels (D:7)
  3 wights (D:7)
  The ghost of Monsterracer the Conjurer, a weakling BaWz (D:4)
  4 centaur zombies
  2 howler monkeys
  3 crimson imps
  6 bullfrog zombies
  A quasit (D:6)
  5 jellies
  2 centaur skeletons
  5 hounds
  6 bullfrog skeletons
  Jessica (D:2)
  Ijyb (D:4)
  9 iguanas
  4 orc wizards
  3 worker ants
  A killer bee zombie (D:9)
  3 hound zombies
  4 hound skeletons
  10 mummies (Ossuary)
  2 howler monkey zombies (Ossuary)
  5 worker ant zombies
  10 adders
  3 gnolls (D:2)
  3 shadow imps
  An ooze (D:6)
  2 adder zombies (Ossuary)
  A worm (D:2)
  2 dart slugs
  7 leopard geckos
  18 orcs
  3 giant cockroaches
  5 goblins
  9 hobgoblins
  14 jackals
  2 quokkas (D:2)
  8 bats
  6 frilled lizards
  10 kobolds
  A leopard gecko zombie (D:7)
  2 quokka skeletons
  2 quokka zombies (Ossuary)
  11 rats
  A bush (D:9)
  A fungus (Lair:2)
  5 plants
  A withered plant (Ossuary)
353 creatures vanquished.

Vanquished Creatures (others)
  A withered plant (Ossuary)
1 creature vanquished.

Grand Total: 354 creatures vanquished

Notes
Turn   | Place    | Note
-------+----------+-------------------------------------------
     0 | D:1      | Kagorn the Demonspawn Berserker began the quest for the Orb.
     0 | D:1      | Reached XP level 1. HP: 18/18 MP: 1/1
   329 | D:1      | Gained mutation: You have large cloven feet. [demonic ancestry]
   329 | D:1      | Reached XP level 2. HP: 24/24 MP: 2/2
   775 | D:2      | Gained mutation: You have hoof-like feet. [demonic ancestry]
   775 | D:2      | Reached XP level 3. HP: 20/29 MP: 3/3
   809 | D:2      | Noticed Jessica
   849 | D:2      | Reached ** piety under Trog
   862 | D:2      | Killed Jessica
   924 | D:2      | Reached XP level 4. HP: 30/35 MP: 4/4
  1172 | D:2      | Reached skill level 1 in Stealth
  1480 | D:2      | Found a hazy altar of Hepliaklqana.
  1604 | D:3      | Noticed Babolexy's ghost (amateur OpFi)
  1727 | D:3      | Noticed Ijyb
  1868 | D:3      | Killed Babolexy's ghost
  1868 | D:3      | Reached skill level 1 in Polearms
  1868 | D:3      | Gained mutation: When hurt, damage is shared between your health and your magic reserves. [demonic ancestry]
  1868 | D:3      | Reached XP level 5. HP: 41/41 MP: 5/5
  2320 | D:3      | Found a blossoming altar of Fedhas.
  2810 | D:4      | Reached XP level 6. HP: 42/48 MP: 6/6
  2814 | D:4      | Noticed Monsterracer's ghost (weakling BaWz)
  2819 | D:4      | Killed Monsterracer's ghost
  2969 | D:4      | Found a staircase to the Ecumenical Temple.
  2986 | D:4      | Found a sacrificial altar of Ru.
  2989 | D:4      | Found an iron altar of Okawaru.
  2990 | D:4      | Got a crude ring mail
  2991 | D:4      | Found a stormy altar of Qazlal.
  2991 | D:4      | Found an ancient bone altar of Kikubaaqudgha.
  2991 | D:4      | Found a shadowy altar of Dithmenos.
  2992 | D:4      | Found an opulent altar of Gozag.
  3033 | D:4      | Found a sand-covered staircase.
  3043 | D:4      | Killed Ijyb
  3057 | Ossuary  | Entered an ossuary
  3081 | Ossuary  | Reached XP level 7. HP: 23/53 MP: 6/7
  3222 | Ossuary  | Reached *** piety under Trog
  3222 | Ossuary  | Reached skill level 5 in Polearms
  3466 | Ossuary  | Identified the +4 ring mail of Hiukhlerch {rN+ MR+ Str+4} (You found it on level 4 of the Dungeon)
  3563 | D:4      | Found Doipn's Assorted Antiques.
  3738 | D:4      | Reached XP level 8. HP: 53/60 MP: 8/8
  4022 | D:5      | Entered Level 5 of the Dungeon
  4455 | D:6      | Noticed HedoNNN's ghost (novice HOFi)
  4471 | D:6      | Killed HedoNNN's ghost
  4600 | D:6      | Found a white marble altar of Elyvilon.
  4730 | D:6      | Reached XP level 9. HP: 65/67 MP: 7/9
  5005 | D:6      | Reached **** piety under Trog
  5030 | D:6      | Reached skill level 5 in Fighting
  5030 | D:6      | Reached skill level 1 in Axes
  5049 | D:6      | Reached skill level 2 in Axes
  5062 | D:6      | Got a faintly glowing chain mail
  5098 | D:6      | Identified the +7 chain mail of Wrong Decisions {+Fly rElec rPois rF-} (You found it on level 6 of the Dungeon)
  5374 | D:6      | Found Kely's Magic Scroll Emporium.
  5383 | D:6      | Reached skill level 3 in Axes
  5422 | D:6      | Bought 2 scrolls of enchant weapon for 195 gold pieces
  5422 | D:6      | Bought a scroll of enchant weapon for 97 gold pieces
  5589 | D:6      | Reached skill level 4 in Axes
  5727 | D:7      | Found a radiant altar of Vehumet.
  5798 | D:7      | Reached skill level 5 in Axes
  5903 | D:7      | Reached skill level 6 in Axes
  6135 | D:7      | Gained mutation: You sometimes gain a little power by taking damage. [demonic ancestry]
  6135 | D:7      | Reached XP level 10. HP: 66/74 MP: 7/10
  6201 | D:7      | Reached ***** piety under Trog
  6501 | D:8      | Noticed salinator123's ghost (novice GrBe)
  6512 | D:8      | Killed salinator123's ghost
  6512 | D:8      | Reached skill level 7 in Axes
  6598 | D:8      | Noticed a two-headed ogre
  6608 | D:8      | Killed a two-headed ogre
  6608 | D:8      | Reached skill level 8 in Axes
  6608 | D:8      | Reached skill level 5 in Armour
  6987 | D:8      | Noticed Gastronok
  7006 | D:8      | Killed Gastronok
  7006 | D:8      | Reached skill level 9 in Axes
  7006 | D:8      | Gained mutation: When seriously injured, your bleeding wounds create armour. (AC +6) [demonic ancestry]
  7006 | D:8      | Reached XP level 11. HP: 39/81 MP: 6/11
  7522 | D:9      | Reached skill level 10 in Axes
  7619 | D:9      | Found Jozesk's Gadget Shoppe.
  7848 | D:9      | Received a gift from Trog
  7852 | D:9      | Noticed a wizard
  7860 | D:9      | Killed a wizard
  8005 | D:9      | Noticed a two-headed ogre
  8015 | D:9      | Killed a two-headed ogre
  8042 | D:9      | Reached skill level 11 in Axes
  8196 | D:9      | Killed an unseen horror
  8357 | D:9      | Found a blossoming altar of Fedhas.
  8567 | D:9      | Found a staircase to the Lair.
  8596 | Lair:1   | Entered Level 1 of the Lair of Beasts
  8851 | Lair:1   | Reached skill level 5 in Long Blades
  8870 | Lair:1   | Found a dark tunnel.
  8877 | Volcano  | Entered a volcano
  8985 | Volcano  | Reached XP level 12. HP: 51/91 MP: 7/12
  9009 | Volcano  | Noticed a stone giant
  9017 | Volcano  | Killed a stone giant
  9017 | Volcano  | Reached skill level 12 in Axes
  9029 | Volcano  | Got a pair of slimy boots
  9092 | Lair:1   | Identified the +0 pair of boots of Wylampua {rElec MR++ rCorr} (You found it in a volcano)
  9214 | Lair:1   | Reached skill level 1 in Shields
  9228 | Lair:1   | Found the +3 sling "Punk" {acid, rCorr}
  9480 | Lair:1   | Reached skill level 1 in Evocations
  9782 | Lair:2   | Found a staircase to the Swamp.
  9790 | Swamp:1  | Entered Level 1 of the Swamp
  9810 | Swamp:1  | Reached skill level 5 in Dodging
 10556 | Swamp:1  | Received a gift from Trog
 10882 | Swamp:2  | Noticed an alligator
 10902 | Swamp:2  | Killed an alligator
 10998 | Swamp:2  | Noticed an alligator
 11006 | Swamp:2  | Noticed an alligator
 11013 | Swamp:2  | Killed an alligator
 11022 | Swamp:2  | Killed an alligator
 11022 | Swamp:2  | Gained mutation: You have hooves in place of feet. [demonic ancestry]
 11022 | Swamp:2  | Reached XP level 13. HP: 41/98 MP: 11/15
 11440 | Swamp:2  | Slain by an eight-headed hydra

Skill      XL: |  1  2  3  4  5  6  7  8  9 10 11 12 13 |
---------------+----------------------------------------+-----
Armour         | 2 3 4 5 6 7 |  7.0
Long Blades    | 3 5 |  5.6
Dodging        | 2 3 4 5 |  5.7
Stealth        | 1 3 4 |  4.0
Polearms       | 1 2 3 5 8 |  8.3
Fighting       | 4 5 6 7 8 |  8.1
Axes           | 6 9 11 12 | 12.4
Shields        | 4 |  4.6
Evocations     | 3 |  3.0

Action                   |  1- 3 |  4- 6 |  7- 9 | 10-12 | 13-15 || total
-------------------------+-------+-------+-------+-------+-------++-------
Melee: Falchion          |    46 |    24 |       |       |       ||    70
       Kick              |    12 |    32 |   121 |   108 |    12 ||   285
       Halberd           |       |   144 |   233 |       |       ||   377
       Battleaxe         |       |       |   120 |   199 |       ||   319
       Triple sword      |       |       |       |    60 |       ||    60
       War axe           |       |       |       |   152 |    17 ||   169
       Double sword      |       |       |       |    91 |     5 ||    96
Invok: Trog's Hand       |     1 |     3 |     3 |     3 |     1 ||    11
       Berserk           |     1 |     2 |     1 |     3 |       ||     7
       Burn Spellbooks   |       |       |       |     2 |       ||     2
  Use: Scroll            |       |    10 |    15 |    10 |       ||    35
       Potion            |       |     2 |     9 |     7 |       ||    18
 Stab: Sleeping          |     2 |       |       |       |       ||     2
  Eat: Ration            |     1 |     3 |     3 |     8 |     1 ||    16
Armor: Animal skin       |    18 |       |       |       |       ||    18
       Leather armour    |       |    29 |       |       |       ||    29
       Skin              |       |     5 |       |       |       ||     5
       Ring mail         |       |    19 |    61 |       |       ||    80
       Chain mail        |       |       |    58 |   302 |    53 ||   413
Dodge: Dodged            |    42 |   101 |   234 |   228 |    24 ||   629
Block: Large shield      |       |       |       |   196 |    51 ||   247
       Rpst.: Falchion   |    19 |     4 |       |       |       ||    23
       Triple sword      |       |       |       |     8 |       ||     8
       Double sword      |       |       |       |    11 |       ||    11
